 Dungeon Crawl Stone Soup version 0.24-a0-619-gb7544fd237 (webtiles) character file.

Game seed: 7936554061527832493, levelgen mode: deterministic

158 Ijustatesigmund the Chopper (level 5, -1/45 HPs)
             Began as a Minotaur Monk on Sept 18, 2019.
             Slain by an orc warrior
             ... wielding a +0 battleaxe
              (18 damage)
             ... on level 6 of the Dungeon.
             The game lasted 00:04:18 (2589 turns).

Ijustatesigmund the Chopper (Minotaur Monk)         Turns: 2589, Time: 00:04:18

Health: -1/45      AC: 10    Str: 15    XL:     5   Next: 16%
Magic:  4/4        EV:  7    Int:  7    God:
Gold:   117        SH:  4    Dex: 14    Spells: 4/4 levels left

rFire    . . .     SeeInvis .   a - +0 hand axe
rCold    . . .     Gourm    .   d - +0 buckler
rNeg     . . .     Faith    .   b - +0 chain mail
rPois    .         Spirit   .   m - +2 hat
rElec    .         Reflect  .   (no cloak)
rCorr    .         Harm     .   (no gloves)
MR       .....                  (no boots)
Stlth    ..........             (no amulet)
HPRegen  0.15/turn              g - ring of attention (curse)
MPRegen  0.09/turn              (no ring)

@: no status effects
A: retaliatory headbutt, horns 2
a: no special abilities


You were on level 6 of the Dungeon.
You were not hungry.

You visited 1 branch of the dungeon, and saw 5 of its levels.

You collected 117 gold pieces.

Inventory:

Hand Weapons
 a - a +0 hand axe (weapon)
Armour
 b - a +0 chain mail (worn)
 d - a +0 buckler (worn)
 m - a +2 hat (worn)
Jewellery
 g - a cursed ring of attention (left hand)
 h - an uncursed ring of fire
Wands
 e - a wand of acid (3)
Scrolls
 f - a scroll of identify
 k - a scroll of magic mapping
 n - a scroll of amnesia
Potions
 i - a potion of brilliance
Comestibles
 c - 6 rations
 l - 4 chunks of flesh


   Skills:
 - Level 3.6 Fighting
 + Level 6.8 Axes
 - Level 3.2 Dodging
 - Level 1.5 Stealth
 + Level 1.6 Shields


You had 4 spell levels left.
You didn't know any spells.
Your spell library was empty.

Dungeon Overview and Level Annotations

Branches:
Dungeon (7/15)
 Temple: D:4-7

Altars:
Qazlal
Trog


Innate Abilities, Weirdness & Mutations

You reflexively headbutt those who attack you in melee.
You have a pair of horns on your head.


Message History

You block the killer bee's attack.
There is a stone staircase leading up here.
The killer bee stings you but does no damage.
The killer bee stings you.
You are poisoned.
The killer bee poisons you!
You climb upwards.
You feel sick.
The orc warrior hits you with a +0 battleaxe.
The orc warrior hits you with a +0 battleaxe!
* * * LOW HITPOINT WARNING * * *
There is a stone staircase leading down here.
You feel better. The killer bee barely misses you. x2
You furiously retaliate!
You headbutt the killer bee.
An orc wizard comes into view. It is wielding a +0 dagger.
You miss the killer bee.
The killer bee is moderately wounded.
You hit the orc warrior but do no damage.
You block the killer bee's attack.
The orc warrior hits you with a +0 battleaxe!!
You die...

.. ######..
#...#.. ##.....
##....##
#......#
#.o....## .
#@......#..
##y.........
#..[....#...
###).......#
#####..........
........%......
......o.....###
##..........#
#....$.....(.#


You could see an orc warrior, a killer bee and an orc wizard.

Vanquished Creatures
  Jessica (D:2)
  An orc wizard (D:6)
  3 adders
  2 oozes
  2 worms (D:2)
  A dart slug (D:2)
  A leopard gecko (D:2)
  5 orcs
  A ball python (D:2)
  4 giant cockroaches
  4 goblins
  8 hobgoblins
  5 jackals
  4 kobolds
  A quokka (D:3)
  3 bats
  2 frilled lizards
  11 rats
59 creatures vanquished.

Notes
Turn   | Place    | Note
-------+----------+-------------------------------------------
     0 | D:1      | Ijustatesigmund the Minotaur Monk began the quest for the
                  | Orb.
     0 | D:1      | Reached XP level 1. HP: 19/19 MP: 0/0
    70 | D:1      | Reached skill level 4 in Axes
   396 | D:1      | Reached XP level 2. HP: 25/26 MP: 1/1
  1258 | D:2      | Reached skill level 5 in Axes
  1258 | D:2      | Reached XP level 3. HP: 22/31 MP: 2/2
  1412 | D:2      | Noticed Jessica
  1416 | D:2      | Killed Jessica
  1487 | D:2      | Reached skill level 6 in Axes
  1487 | D:2      | Reached XP level 4. HP: 38/39 MP: 3/3
  1562 | D:2      | Found a bloodstained altar of Trog.
  2400 | D:3      | Found a stormy altar of Qazlal.
  2403 | D:3      | Reached skill level 1 in Shields
  2538 | D:3      | You fall into a shaft and drop 3 floors!
  2561 | D:6      | Reached XP level 5. HP: 42/45 MP: 4/4
  2562 | D:6      | Noticed an orc warrior
  2573 | D:7      | Noticed a centaur
  2589 | D:6      | Slain by an orc warrior

Levels and vault maps discovered:
D:1:      onia_arrival_larder, layout_basic, serial_bayou_crossing
D:2:      wander_river, layout_basic, bloody_trog, first_ration, uniq_jessica
D:3:      kennysheep_big_flooded_room, layout_basic,
          nicolae_qazlal_eye_of_the_storm
D:6:      layout_cave_pools, elyvilon_altar_5, minmay_temple_entry_mini_moons,
          uniq_crazy_yiuf_cottage
D:7:      layout_basic, ebering_ghost_gozag, uniq_pikel

Skill      XL: |  1  2  3  4 |
---------------+-------------+-----
Axes           | 4 5 6 |  6.8
Shields        | 1 |  1.6
Fighting       | |  3.6
Dodging        | |  3.2
Stealth        | |  1.5

Action                   |  1- 3 |  4- 6 || total
-------------------------+-------+-------++-------
Melee: Hand axe          |    48 |    99 ||   147
       Headbutt          |     8 |    17 ||    25
  Use: Scroll            |       |     5 ||     5
       Potion            |       |     2 ||     2
 Stab: Sleeping          |     1 |     1 ||     2
  Eat: Chunk             |     2 |     3 ||     5
Armor: Robe              |     4 |     3 ||     7
       Chain mail        |       |    40 ||    40
Dodge: Dodged            |    38 |    45 ||    83
Block: Buckler           |       |     9 ||     9

Table legend:
 A = Non-vault XP
 B = Vault XP
 C = Vault XP percentage of total XP
 D = Non-vault monster count
 E = Vault monster count
 F = Vault count percentage of total count
                 A         B        C        D         E       F
            +---------+---------+-------+---------+---------+-------
      Total |     180 |      47 |  20.7 |      50 |       9 |  15.3
            +---------+---------+-------+---------+---------+-------
        D:1 |      24 |       7 |  22.6 |      11 |       6 |  35.3
        D:2 |      63 |      37 |  37.0 |      18 |       1 |   5.3
        D:3 |      55 |       3 |   5.2 |      19 |       2 |   9.5
        D:6 |      38 |       0 |   0.0 |       2 |       0 |   0.0
            +---------+---------+-------+---------+---------+-------
